 Dungeon Crawl Stone Soup version 0.27.1-1-g398f81649c (webtiles) character file.

Game seed: 13583162533798235542

5269 speeev33 the Cleaver (level 10, -2/74 HPs)
             Began as a Hill Orc Fighter on Sept 16, 2021.
             Was an Elder of Okawaru.
             Succumbed to an orange demon's poison
             ... on level 2 of the Abyss.
             The game lasted 00:14:59 (11947 turns).

speeev33 the Cleaver (Hill Orc Fighter)            Turns: 11947, Time: 00:15:00

Health: -2/74      AC: 13    Str: 23    XL:     10   Next: 62%
Magic:  8/8        EV:  6    Int:  8    God:    Okawaru [****..]
Gold:   593        SH: 11    Dex: 10    Spells: 9/9 levels left

rFire    . . .     SeeInvis .   m - +4 dagger (venom)
rCold    . . .     Faith    .   c - +0 kite shield
rNeg     . . .     Spirit   .   y - +0 plate armour
rPois    .         Reflect  .   v - +0 helmet
rElec    .         Harm     .   o - +0 cloak
rCorr    .         Rampage  .   h - +0 pair of gloves
Will     .....     Rnd*Rage +   (no boots)
Stlth    ..........             (no amulet)
HPRegen  0.22/turn              k - ring of flight
MPRegen  0.11/turn              (no ring)

@: lethally poisoned (-2 -> -26), about to teleport, weakened, flying
A: deterioration 1, screaming 1, [berserk 2], [deformed body], [frail 2], [low
mp 2]
a: Renounce Religion, Heroism


You were on level 2 of the Abyss.
You worshipped Okawaru.
Okawaru was greatly pleased with you.
You visited 2 branches of the dungeon, and saw 9 of its levels.
You visited the Abyss 1 time.

You collected 701 gold pieces.
You spent 108 gold pieces at shops.

Inventory:

Hand Weapons
 a - a +0 war axe
 m - a +4 dagger of venom (weapon)
 q - a +0 flail
 t - a +0 morningstar
Armour
 c - a +0 kite shield (worn)
 h - a +0 pair of gloves (worn)
 o - a +0 cloak (worn)
 p - a +0 chain mail
 r - a +0 tower shield
 v - a +0 helmet (worn)
 y - a +0 plate armour (worn)
Jewellery
 k - a ring of flight (left hand)
Wands
 x - a wand of flame (8)
Scrolls
 w - a scroll of amnesia
Potions
 d - 2 potions of might
 e - a potion of degeneration
 f - a potion of magic
 g - a potion of haste {unknown}
 i - 4 potions of flight
 j - a potion of attraction {unknown}
 l - 3 potions of lignification {unknown}
 n - 2 potions of heal wounds {unknown}
 s - a potion of curing {unknown}
 u - a potion of resistance {unknown}


   Skills:
 + Level 10.0 Fighting
 + Level 10.4 Axes
 + Level 9.1 Armour
 + Level 9.1 Shields


You had 9 spell levels left.
You didn't know any spells.
Your spell library contained the following spells:

 Spells                   Type           Power      Damage    Failure   Level
 Beastly Appendage        Tmut           0%         N/A       100%        1
 Freeze                   Ice            0%         1d3       100%        1
 Sting                    Tmut/Pois      0%         1d3       100%        1
 Summon Small Mammal      Summ           0%         N/A       100%        1
 Slow                     Hex            0%         N/A       100%        2
 Wereblood                Tmut           0%         N/A       100%        2
 Call Canine Familiar     Summ           0%         N/A       100%        3
 Confusing Touch          Hex            0%         N/A       100%        3
 Dazzling Flash           Conj/Hex       0%         N/A       100%        3
 Frozen Ramparts          Ice            0%         1d2       100%        3
 Spider Form              Tmut/Pois      0%         N/A       100%        3
 Summon Guardian Golem    Hex/Summ       0%         N/A       100%        3
 Vampiric Draining        Necr           0%         2d6       100%        3
 Hailstorm                Conj/Ice       0%         3d3       100%        4
 Iskenderun's Mystic Bla  Conj/Tloc      0%         2d3       100%        4
 Summon Forest            Summ/Tloc      0%         N/A       100%        5
 Starburst                Conj/Fire      0%         6d3       100%        6
 Haunt                    Necr/Summ      0%         N/A       100%        7
 Malign Gateway           Summ/Tloc      0%         N/A       100%        7
 Summon Hydra             Summ           0%         N/A       100%        7
 Summon Horrible Things   Summ           0%         N/A       100%        8


Dungeon Overview and Level Annotations

Branches:
Dungeon (8/15)             Temple (1/1) D:4
   Lair: D:8-11

Altars:
Ashenzari
Cheibriados
Dithmenos
Elyvilon
Fedhas
Gozag
Hepliaklqana
Kikubaaqudgha
Makhleb
Nemelex Xobeh
Okawaru
Qazlal
Ru
Sif Muna
Trog
Uskayaw
Vehumet
Wu Jian
Xom
Yredelemnul
Zin
The Shining One

Shops:
D:5 [   D:8 *

Annotations:
D:7 1 runed translucent door, velxir3's ghost, novice DrVM
D:8 Maggie


Innate Abilities, Weirdness & Mutations

Your body sometimes deteriorates upon taking damage.
You occasionally shout uncontrollably at your foes.
[You often lose your temper in combat.]
[Armour fits poorly on your strangely shaped body.]
[You are very frail. (-20% HP)]
[Your magical capacity is very low. (-20% MP)]


Message History

You are poisoned.
The orange demon poisons you! The orange demon hits you.
You feel your attacks grow feeble.
You hit the orange demon.
The orange demon is poisoned.
The orange demon is lightly wounded.
You feel extremely sick.
The orange demon stings you but does no damage.
You block the orange demon's attack.
You hit the orange demon.
The orange demon looks as sick as possible!
The orange demon is lightly wounded.
You feel very sick. You block the orange demon's attack. x2
The wretched star pulses with an eldritch light!
You feel a little pissed off.
You feel angry.
The orange demon stings you but does no damage.
The orange demon hits you but does no damage.
You hit the orange demon.
The orange demon looks as sick as possible!
The orange demon is lightly wounded.
You feel very sick.
The orange demon stings you but does no damage.
The orange demon hits you.
* * * LOW HITPOINT WARNING * * *
You feel as though you will be weak longer.
You feel very sick. You block the orange demon's attack.
As you read the scroll of teleportation, it crumbles to dust.
You feel strangely unstable.
You feel the power of the Abyss delaying your translocation!
You feel sick. The orange demon stings you from afar.
* * * LOW HITPOINT WARNING * * *
You are lethally poisoned!
The orange demon poisons you!
* * * LOW HITPOINT WARNING * * *
You feel extremely sick.
The wretched star pulses with an eldritch light!
You feel frail. x2
You block the orange demon's attack.
You die...

. 8 # # . .# . . #.
#4 #### # . # .
#..# . .. .. ##@# #
# . §# . #4# ... ##
.. .. # #*# ...## #
#.#*## #######
.#### # #..... .
...... §
###....#..#..#..#..
#..#............
... ......#..#..##
##.#. .
.#...........


You could see 2 wretched stars and an orange demon (extremely poisoned).

Vanquished Creatures
  A two-headed ogre (D:8)
  Grinder (D:4)
  A raiju (Abyss:2)
  2 wyverns (D:8)
  A steam dragon (D:7)
  6 yaks (D:7)
  A neqoxec (Abyss:2)
  2 water moccasins
  2 ice beasts
  2 black bears
  3 orc warriors
  3 ogres (D:5)
  3 centaurs
  A phantom (D:5)
  A bullfrog (D:7)
  A scorpion (D:4)
  A gnoll sergeant (D:8)
  2 water moccasin zombies (D:5)
  2 howler monkeys
  A bullfrog zombie (D:5)
  A centaur zombie (D:5)
  4 hounds
  A bullfrog skeleton (D:4)
  Crazy Yiuf (D:3)
  2 orc priests
  An iron imp (Abyss:2)
  4 iguanas
  A scorpion zombie (D:5)
  8 orc wizards
  A killer bee zombie (D:6)
  A small abomination (Abyss:2)
  A howler monkey zombie (D:6)
  5 gnolls (D:8)
  A howler monkey skeleton (D:7)
  3 river rats (D:6)
  9 adders
  3 shadow imps
  2 ufetubi
  3 worms
  2 dart slugs (D:3)
  33 orcs
  6 endoplasms
  3 giant cockroaches
  7 goblins
  7 hobgoblins
  3 jackals (D:1)
  6 kobolds
  A quokka (D:4)
  6 ball pythons
  7 bats
  A frilled lizard (D:1)
  3 rats
174 creatures vanquished.

Vanquished Creatures (others)
  A plant (D:3)
  7 toadstools
8 creatures vanquished.

Grand Total: 182 creatures vanquished

Notes
Turn   | Place    | Note
-------+----------+-------------------------------------------
     0 | D:1      | speeev33 the Hill Orc Fighter began the quest for the Orb.
     0 | D:1      | Reached XP level 1. HP: 19/19 MP: 1/1
   173 | D:1      | Reached XP level 2. HP: 11/27 MP: 2/2
  1086 | D:1      | Reached XP level 3. HP: 31/33 MP: 3/3
  1525 | D:2      | Got the Tome of Shifting Calling
  2433 | D:3      | Reached XP level 4. HP: 22/40 MP: 4/4
  2758 | D:3      | Found a runed translucent door.
  2759 | D:3      | Noticed Crazy Yiuf
  3038 | D:3      | Found a faded altar of an unknown god.
  3053 | D:3      | Noticed a black bear
  3086 | D:3      | Killed a black bear
  3087 | D:3      | Reached XP level 5. HP: 16/47 MP: 5/5
  3603 | D:3      | Killed Crazy Yiuf
  3787 | D:4      | Reached skill level 5 in Fighting
  3787 | D:4      | Reached XP level 6. HP: 30/56 MP: 6/6
  4008 | D:4      | Found a staircase to the Ecumenical Temple.
  4025 | Temple   | Entered the Ecumenical Temple
  4157 | Temple   | Became a worshipper of Warmaster Okawaru
  4217 | D:4      | Reached skill level 5 in Axes
  4650 | D:4      | Reached skill level 5 in Armour
  4650 | D:4      | Reached skill level 5 in Shields
  4689 | D:4      | Reached XP level 7. HP: 59/61 MP: 7/7
  4766 | D:4      | Noticed Grinder
  4777 | D:4      | Paralysed by Grinder for 3 turns
  4785 | D:4      | Killed Grinder
  5140 | D:5      | Entered Level 5 of the Dungeon
  5140 | D:5      | Found Vazxin's Armour Boutique.
  5345 | D:5      | Reached * piety under Okawaru
  5553 | D:5      | Reached XP level 8. HP: 53/71 MP: 8/8
  5953 | D:5      | HP: 3/71 [bullfrog zombie (1)]
  7185 | D:5      | Bought a +0 tower shield for 54 gold pieces
  7185 | D:5      | Bought a +0 helmet for 54 gold pieces
  7621 | D:6      | Reached ** piety under Okawaru
  7622 | D:6      | Reached XP level 9. HP: 51/80 MP: 9/9
  9256 | D:7      | Found a runed translucent door.
  9281 | D:7      | Reached *** piety under Okawaru
  9306 | D:7      | Reached XP level 10. HP: 44/91 MP: 10/10
  9495 | D:7      | Noticed velxir3's ghost (novice DrVM)
 11100 | D:8      | Found a radiant altar of Vehumet.
 11188 | D:8      | Reached **** piety under Okawaru
 11452 | D:8      | Reached skill level 10 in Axes
 11635 | D:8      | Found Bogorydd's Overcharged Wands.
 11640 | D:8      | Noticed a two-headed ogre
 11660 | D:8      | Killed a two-headed ogre
 11760 | D:8      | Noticed Maggie
 11777 | D:8      | Cast into level 2 of the Abyss (Maggie)
 11862 | Abyss:2  | Gained mutation: You occasionally shout uncontrollably at
                  | your foes. [a neqoxec]
 11863 | Abyss:2  | Gained mutation: Your body sometimes deteriorates upon
                  | taking damage. [a neqoxec]
 11866 | Abyss:2  | Reached skill level 10 in Fighting
 11917 | Abyss:2  | Noticed an orange demon
 11923 | Abyss:2  | Noticed a wretched star
 11939 | Abyss:2  | Noticed a wretched star
 11946 | Abyss:2  | HP: 3/93 [poisoned by an orange demon]
 11947 | Abyss:2  | Succumbed to an orange demon's poison

Illustrated notes

Levels and vault maps discovered:
D:1:      ldierk_walled_garden_2, layout_basic
D:2:      layout_loops_ring, st_stairs_3, columned_hall_lemuel
D:3:      layout_rooms, chequers_ecumenical_altar_lobes, grunt_decor_resistance,
          palyth_stone_intersect, wad_floor_pattern_untrapped,
          chequers_serial_rivers_room_a, uniq_crazy_yiuf_cottage
D:4:      layout_cave_pools, minmay_temple_entry_statues_fountains,
          grunt_ministairs_13, uniq_grinder
D:5:      layout_cave_pods, minivault_14, minmay_gold_behind_fungi,
          nicolae_stop_n_shop_2, kennysheep_nub, minmay_starry_boxes
D:6:      layout_rooms, lightli_sewer_entry_pipes
D:7:      layout_loops_corners, ebering_ghost_inner_flame, minmay_hedge_maze,
          chequers_arboretum
D:8:      layout_loops_ring, mainiacjoe_overflow_paths,
          nicolae_shop_overcharged_wands, uniq_maggie
Temple:   kilobyte_greek_temple
Abyss:2:  base: D:2, serial_sigils_hangedman_gut, abyss_furniture_001,
          serial_sigils_hangedman_gut, abyss_furniture_001

Skill      XL: |  1  2  3  4  5  6  7  8  9 10 |
---------------+-------------------------------+-----
Axes           | 3 4 5 6 7 9 10 | 10.4
Fighting       | 4 5 6 7 9 10 | 10.0
Shields        | 4 5 6 8 9 |  9.1
Armour         | 4 5 6 8 9 |  9.1

Action                   |  1- 3 |  4- 6 |  7- 9 | 10-12 || total
-------------------------+-------+-------+-------+-------++-------
Melee: War axe           |   120 |       |       |       ||   120
       Dagger            |       |    77 |   423 |   223 ||   723
Invok: Heroism           |       |       |     1 |     1 ||     2
Evoke: Wand              |       |       |       |     1 ||     1
  Use: Scroll            |       |     3 |     7 |     1 ||    11
Armor: Scale mail        |    67 |    49 |    46 |       ||   162
       Chain mail        |       |       |   180 |    82 ||   262
       Skin              |       |       |     2 |       ||     2
       Plate armour      |       |       |       |    26 ||    26
Dodge: Dodged            |    34 |    26 |   102 |    55 ||   217
Block: Kite shield       |    72 |    48 |   241 |   120 ||   481
